 Dungeon Crawl Stone Soup version 0.31-a0-1476-g8a4046af8c (webtiles) character file.

Game seed: 17464097353737414660

4741 Essalna the Geomancer (level 10, 0/61 HPs)
             Began as a Gargoyle Earth Elementalist on Dec 29, 2023.
             Was an Elder of Vehumet.
             Slain by a yak (1 damage)
             ... on level 8 of the Dungeon.
             The game lasted 00:15:50 (7100 turns).

Essalna the Geomancer (Gargoyle Earth Elementalist) Turns: 7100, Time: 00:15:50

Health: 0/61       AC: 14    Str: 12    XL:     10   Next: 46%
Magic:  16/17      EV: 12    Int: 26    God:    Vehumet [****..]
Gold:   523        SH:  0    Dex: 10    Spells: 0/19 levels left

rFire   . . .        i - staff of conjuration
rCold   . . .        (no shield)
rNeg    + . .        a - +0 robe
rPois   ∞            (no helmet)
rElec   +            B - +0 cloak
rCorr   .            (no gloves)
SInv    .            (no boots)
Will    .....        p - amulet of magic regeneration
Stlth   ++           m - +4 ring of protection
HPRegen 0.30/turn    n - +6 ring of intelligence
MPRegen 0.55/turn

%: no passive effects
@: no status effects
A: sickness immunity, AC +7, negative energy resistance 1, electricity
resistance, torment resistance 1, petrification resistance
a: Renounce Religion


You were on level 8 of the Dungeon.
You worshipped Vehumet.
Vehumet was greatly pleased with you.
You visited 2 branches of the dungeon, and saw 9 of its levels.
You also visited: Sewer.

You collected 593 gold pieces.
You spent 70 gold pieces at shops.

Inventory:

Hand Weapons
 c - a +0 short sword
 r - a +0 dagger of speed
 C - a +1 dagger of venom
Armour
 a - a +0 robe (worn)
 B - a +0 cloak (worn)
Magical Staves
 i - a staff of conjuration (weapon)
 D - a staff of fire
Jewellery
 k - a ring of resist corrosion
 m - a +4 ring of protection (left hand)
 n - a +6 ring of intelligence (right hand)
 p - an amulet of magic regeneration (around neck)
 A - a ring of fire
Wands
 y - a wand of paralysis (10)
Scrolls
 d - 3 scrolls of revelation
 e - a scroll of blinking
 g - 2 scrolls of teleportation
 j - 3 scrolls of butterflies
 o - 3 scrolls of fear
 q - a scroll of immolation
 v - 4 scrolls of identify
 F - a scroll of enchant armour {unknown}
Potions
 b - a potion of magic
 f - a potion of berserk rage
 h - a potion of ambrosia
 l - 3 potions of attraction
 s - 3 potions of heal wounds
 t - a potion of curing {unknown}
 u - 2 potions of might {unknown}
 w - 3 potions of invisibility {unknown}
 x - a potion of resistance {unknown}
 z - a potion of degeneration {unknown}
 E - 2 potions of mutation {unknown}


   Skills:
 + Level 6.9 Fighting
 + Level 3.2 Armour
 + Level 3.1 Dodging
 - Level 2.1 Stealth
 - Level 5.1 Spellcasting
 + Level 7.6 Conjurations
 - Level 8.1 Earth Magic
 + Level 5.9 Alchemy


You couldn't memorise any spells.
You knew the following spells:

 Your Spells              Type           Power      Damage    Failure   Level
a - Sandblast             Erth           96%        2d20      1%          1
b - Irradiate             Conj/Alch      29%        3d21      3%          5
c - Stone Arrow           Conj/Erth      100%       3d13      1%          3
d - Iskenderun's Battles  Conj           62%        2d11      2%          5
e - Lee's Rapid Deconstr  Erth           24%        3d13*     2%          5

Your spell library contained the following spells:

 Spells                   Type           Power      Damage    Failure   Level
 Dazzling Flash           Conj/Hex       78%        N/A       1%          3
 Passwall                 Erth           48%        N/A       1%          3
 Brom's Barrelling Bould  Conj/Erth      64%        2d8       1%          4
 Petrify                  Alch/Erth      43%        N/A       4%          4
 Volatile Blastmotes      Fire/Tloc      12%        2d11      6%          3
 Bombard                  Conj/Erth      32%        9d6       12%         6
 Starburst                Conj/Fire      19%        6d7       50%         6
 Spellforged Servitor     Conj/Summ      19%        N/A       95%         7
 Sculpt Simulacrum        Ice/Alch       11%        N/A       98%         6
 Ozocubu's Refrigeration  Ice            3%         4d8       100%        7
 Maxwell's Capacitive Co  Air            3%         ∞         100%        8
 Polar Vortex             Ice            3%         N/A       100%        9
 Sublimation of Blood     Necr           Unusable   N/A       N/A         2

Dungeon Overview and Level Annotations

Branches:
Dungeon (8/15)             Temple (1/1) D:4           Sewer (visited)
   Lair: D:8-11

Altars:
Ashenzari
Cheibriados
Dithmenos
Elyvilon
Fedhas
Gozag
Hepliaklqana
Kikubaaqudgha
Makhleb
Nemelex Xobeh
Okawaru
Qazlal
Ru
Sif Muna
Trog
Uskayaw
Vehumet
Wu Jian
Xom
Yredelemnul
Zin
The Shining One

Shops:
D:4 !

Annotations:
Temple 2 transporters


Innate Abilities, Weirdness & Mutations

You are immune to sickness and miasma.
Your stone body is resilient. (AC +7)
You are immune to poison.
You resist negative energy. (rN+)
You are resistant to electric shocks. (rElec)
You are resistant to unholy torment.
You are immune to petrification.


Message History

Aiming: Sandblast (safe; 1% risk of failure)
Press: ? - help, Shift-Dir - straight line, f/p - yak
Aim: a yak (moderately wounded, 91% to hit)
The blast of sand hits the yak.
The yak is moderately wounded.
The yak gores you! The yak barely misses you.
The yak gores you but does no damage. x3; The yak gores you!
* * * LOW HITPOINT WARNING * * *
Casting: Sandblast (safe; 1% risk of failure)
Confirm with . or Enter, or press ? or * to list all spells.
Aiming: Sandblast (safe; 1% risk of failure)
Press: ? - help, Shift-Dir - straight line, f/p - yak
Aim: a yak (moderately wounded, 91% to hit)
The blast of sand hits the yak!!
You kill the yak!
Vehumet accepts your kill.
You feel your power returning.
Your battlesphere fires!
The barrage of energy hits the yak!
The yak is almost dead.
The yak gores you.
* * * LOW HITPOINT WARNING * * *
The yak gores you.
* * * LOW HITPOINT WARNING * * *
Casting: Sandblast (safe; 1% risk of failure)
Confirm with . or Enter, or press ? or * to list all spells.
Aiming: Sandblast (safe; 1% risk of failure)
Press: ? - help, Shift-Dir - straight line, f - yak
Aim: a yak (almost dead, 91% to hit)
The blast of sand hits the yak!!
You kill the yak!
Vehumet accepts your kill.
You feel your power returning.
Your battlesphere fires!
The barrage of energy hits the yak!
The yak is moderately wounded.
The yak gores you.
* * * LOW HITPOINT WARNING * * *
The yak gores you.
You die...

#......# #......# #......#
......# ....Y ... ####'## #.*††Y#
#...@.#....# #.....#....#
#.....#....# #..... #.....#....#
#.....
##############...##....#####.....
.............#...#...............
.............#...#...............
.............#...#...............
.............#...#...............


You could see a yak (ally target) and a friendly battlesphere.

Vanquished Creatures
  Maurice (D:7)
  A hornet (D:7)
  Grinder (D:3)
  3 yaks (D:8)
  3 wyverns (D:8)
  Grum (D:8)
  A water moccasin (D:8)
  4 ice beasts
  A sky beast (D:7)
  3 black bears
  A centaur (D:6)
  3 wolves (D:8)
  5 bullfrogs
  A scorpion (D:5)
  8 wights (D:8)
  3 bombardier beetles
  3 orc priests
  3 jellies
  5 hounds
  An iguana (D:5)
  3 sleepcaps
  A hell rat (Sewer)
  7 orc wizards
  11 gnolls
  10 adders
  4 river rats
  2 white imps
  4 worms
  A dart slug (D:1)
  24 orcs
  4 ball pythons
  4 endoplasms
  5 giant cockroaches
  34 goblins
  23 hobgoblins
  15 kobolds
  3 quokkas
  7 bats
  5 frilled lizards
  14 rats
233 creatures vanquished.

Notes
Turn   | Place    | Note
-------+----------+-------------------------------------------
     0 | D:1      | Essalna the Gargoyle Earth Elementalist began the quest for
                  | the Orb.
     0 | D:1      | Reached XP level 1. HP: 10/10 MP: 3/3
    78 | D:1      | Reached XP level 2. HP: 15/15 MP: 1/5
   127 | D:1      | Reached skill level 4 in Earth Magic
   772 | D:2      | Reached XP level 3. HP: 19/19 MP: 4/7
  1349 | D:2      | Reached XP level 4. HP: 24/24 MP: 6/8
  1428 | D:2      | Reached skill level 5 in Earth Magic
  2162 | D:3      | Noticed Grinder
  2165 | D:3      | Paralysed by Grinder for 2 turns
  2168 | D:3      | Paralysed by Grinder for 2 turns
  2173 | D:3      | Killed Grinder
  2174 | D:3      | Reached skill level 6 in Earth Magic
  2174 | D:3      | Reached XP level 5. HP: 18/28 MP: 9/11
  2174 | D:3      | Reached XP level 6. HP: 21/32 MP: 9/12
  2180 | D:3      | Learned a level 5 spell: Irradiate
  2676 | D:4      | Found a glowing drain.
  2689 | Sewer    | Entered a sewer
  2697 | Sewer    | Reached skill level 1 in Alchemy
  2777 | Sewer    | Reached skill level 1 in Conjurations
  2909 | D:4      | Found a staircase to the Ecumenical Temple.
  2927 | Temple   | Found a transporter.
  2927 | Temple   | Found a transporter.
  2927 | Temple   | Found a transporter.
  2927 | Temple   | Found a transporter.
  2927 | Temple   | Entered the Ecumenical Temple
  2944 | Temple   | Became a worshipper of Vehumet
  2988 | D:4      | Noticed a black bear
  2993 | D:4      | Killed a black bear
  2994 | D:4      | Reached XP level 7. HP: 36/36 MP: 11/14
  3088 | D:4      | Reached skill level 7 in Earth Magic
  3222 | D:4      | Reached skill level 5 in Spellcasting
  3295 | D:4      | Found Doschat's Distillery.
  3298 | D:4      | Bought a potion of heal wounds for 70 gold pieces
  3363 | D:4      | Found a snail-covered altar of Cheibriados.
  3366 | D:4      | Reached * piety under Vehumet
  3366 | D:4      | Offered knowledge of Freeze by Vehumet.
  3491 | D:4      | Identified a scroll of acquirement
  3491 | D:4      | Acquired a staff of conjuration
  3624 | D:4      | Reached ** piety under Vehumet
  3629 | D:4      | Offered knowledge of Searing Ray by Vehumet.
  3630 | D:4      | Reached XP level 8. HP: 40/42 MP: 15/15
  3642 | D:4      | Reached skill level 1 in Fighting
  3938 | D:5      | Entered Level 5 of the Dungeon
  3954 | D:5      | Learned a level 3 spell: Stone Arrow
  4055 | D:5      | Offered knowledge of Mercury Vapours by Vehumet.
  4358 | D:5      | Found a hazy altar of Hepliaklqana.
  4369 | D:5      | Reached skill level 8 in Earth Magic
  4661 | D:5      | Learned a level 5 spell: Iskenderun's Battlesphere
  4961 | D:6      | Reached *** piety under Vehumet
  4967 | D:6      | Reached XP level 9. HP: 43/52 MP: 16/16
  5153 | D:6      | Found a glowing silver altar of Zin.
  5155 | D:6      | Reached skill level 5 in Conjurations
  5737 | D:7      | Offered knowledge of Ignite Poison by Vehumet.
  5771 | D:7      | Noticed Maurice
  5779 | D:7      | Maurice stole a ring of fire
  5780 | D:7      | Killed Maurice
  5781 | D:7      | Reached skill level 5 in Fighting
  6042 | D:7      | Noticed a hornet
  6047 | D:7      | Killed a hornet
  6048 | D:7      | Reached skill level 5 in Alchemy
  6710 | D:8      | Reached skill level 1 in Armour
  6851 | D:8      | Noticed Grum
  6855 | D:8      | Reached XP level 10. HP: 57/60 MP: 13/17
  6856 | D:8      | Reached **** piety under Vehumet
  6857 | D:8      | Killed Grum
  6967 | D:8      | Offered knowledge of Lee's Rapid Deconstruction by Vehumet.
  6974 | D:8      | Learned a level 5 spell: Lee's Rapid Deconstruction
  7100 | D:8      | HP: 1/61 [yak (6)]
  7100 | D:8      | Slain by a yak

Illustrated notes

Levels and vault maps discovered:
D:1:      grunt_arrival_lava_bath, layout_rooms
D:2:      minmay_chambers_of_ones, layout_loops_corners, roderic_three_in_a_row,
          minmay_tall_x
D:3:      layout_basic, uniq_grinder
D:4:      minmay_goblin_kobold_castle, layout_loops_ring, slow_altar_2,
          minmay_temple_entry_slanted, serial_shops,
          nicolae_shop_tiny_real_fake_doors, portal_sewer_entry_a,
          serial_library_hellmonk_reading_circle
D:5:      layout_basic, kennysheep_mini, st_stairs_12
D:6:      layout_loops_ring, lemuel_crystal_altar, minmay_misc_feat_tower,
          hangedman_decor_growths
D:7:      layout_basic, uniq_maurice
D:8:      layout_gridville, uniq_pikel, uniq_grum
Temple:   hellmonk_temple_divided_pantheon

Skill      XL: |  1  2  3  4  5  6  7  8  9 10 |
---------------+-------------------------------+-----
Earth Magic    | 4 6 7 8 |  8.1
Spellcasting   | 3 4 5 |  5.1
Alchemy        | 1 2 3 5 |  5.9
Conjurations   | 1 3 4 7 |  7.6
Fighting       | 3 6 |  6.9
Armour         | 1 3 |  3.2
Dodging        | 2 3 |  3.1
Stealth        | |  2.1

Action                     |  1- 3 |  4- 6 |  7- 9 | 10-12 || total
---------------------------+-------+-------+-------+-------++-------
  Melee: Short sword       |     6 |     5 |       |       ||    11
         Staff             |       |       |     1 |       ||     1
   Cast: Sandblast         |    42 |    68 |   192 |    34 ||   336
         Iskenderun's Batt |       |       |     4 |     5 ||     9
    Use: Scroll            |       |    12 |     2 |       ||    14
 Armour: Robe              |     5 |     9 |    63 |    22 ||    99
  Dodge: Dodged            |     4 |    10 |    51 |    15 ||    80

Table legend: (Time is in decaauts)
 A = Elapsed time spent in this place.
 B = Non-inter-level travel time spent in this place.
 C = Inter-level travel time spent in this place.
 D = Time resting spent in this place.
 E = Time spent auto-exploring this place.
 F = Levels seen in this place.
 G = Mean time per level.
                   A        B        C        D        E       F      G
               +--------+--------+--------+--------+--------+-----+--------+
         Total |   7302 |   7124 |    178 |      0 |   5921 |  10 |  730.2 |
       Dungeon |   7090 |   6924 |    166 |      0 |   5782 |   8 |  886.2 |
        Temple |     31 |     19 |     12 |      0 |      0 |   1 |   31.0 |
         Sewer |    180 |    180 |      0 |      0 |    138 |   1 |  180.0 |
               +--------+--------+--------+--------+--------+-----+--------+

Top non-repeatable levels by time:
     D:2: 1178 daAuts
     D:4: 1150 daAuts
     D:5: 987 daAuts
     D:7: 903 daAuts
     D:3: 866 daAuts
     D:6: 771 daAuts
     D:1: 668 daAuts
     D:8: 564 daAuts
   Sewer: 180 daAuts
  Temple: 31 daAuts
